cohdb
Replays
Latest Replays
All Replays
Popular Replays
Top Player Replays
Match Explorer
How It Works
Community
CoH3 Stats
Reddit
Sign in to upload your games and track your stats! →
Sign in with Steam
Match 42797195
Unlisted
Match 42797195
Overview
Messages
Build Orders
End
Panzerpioneer Squad
Panzerpioneer Squad
Kradschützen Motorcycle Team
Selects Battlefield Espionage Battlegroup
Panzerpioneer Squad
Construct Light Support Kompanie
MG34 Team
MG34 Team
2.5-tonne Medical Truck
Fire Support Elements
Selects Intel Disruption Beacon
Pak 38 Mechanized Group
Combat Half-tracks
Construct Panzerarmee Kommand
Walking Stuka Rocket Launcher
Selects Plunder
Selects Firestorm
UH|dun! ツ
UH|ck
Mr. P
Skibson
0
0
Comments
sign in to comment!
No comments posted yet!